 Dungeon Crawl Stone Soup version 0.32-a0-913-g739538afd8 (webtiles) character file.

Game seed: 1812649490390982847

238 PigKeeper the Shooter (level 6, 0/32 HPs)
             Began as a Tengu Wanderer on Apr 9, 2024.
             Slain by an adder (2 damage)
             ... on level 3 of the Dungeon.
             The game lasted 00:12:42 (1071 turns).

PigKeeper the Shooter (Tengu Wanderer)              Turns: 1071, Time: 00:12:43

Health: 0/32       AC:  3    Str:  9    XL:     6   Next: 7%
Magic:  11/11      EV: 11    Int: 16    God:
Gold:   148        SH:  0    Dex: 15    Spells: 1/11 levels left

rFire   . . .        a - +2 sling
rCold   . . .        (no shield)
rNeg    . . .        d - +0 robe
rPois   .            (helmet restricted)
rElec   .            e - +0 cloak
rCorr   .            (no gloves)
SInv    .            (boots unavailable)
Will    .....        (no amulet)
Stlth   +            (no ring)
HPRegen 0.25/turn    (no ring)
MPRegen 0.12/turn

%: acrobat
@: mighty, lethally poisoned (0 -> -2)
A: beak, talons 3, acrobatic
a: no special abilities


You were on level 3 of the Dungeon.
You visited 1 branch of the dungeon, and saw 3 of its levels.

You collected 148 gold pieces.


Innate Abilities, Weirdness & Mutations

You have a beak for a mouth.
You have claws for feet.
You can magically evade attacks while moving or waiting.


   Skills:
 + Level 6.6 Ranged Weapons
 - Level 2.1 Dodging
 - Level 3.0 Spellcasting
 + Level 0.5 Conjurations
 + Level 4.8 Air Magic


You had one spell level left.
You knew the following spells:

 Your Spells              Type           Power      Damage    Failure   Level
k - Airstrike             Air            9%         2d(2-18)  26%         4
l - Summon Lightning Spi  Summ/Air       10%        N/A       56%         4
s - Static Discharge      Conj/Air       22%        3-4/arc   10%         2

Your spell library contained the following spells:

 Spells                   Type           Power      Damage    Failure   Level
 Cigotuvi's Dreadful Rot  Necr/Alch/Air  14%        N/A       14%         2

Inventory:

Hand Weapons
 a - a +2 sling (weapon)
 b - a +1 dagger of electrocution
   (You took it off a goblin on level 1 of the Dungeon)
Armour
 d - a +0 robe (worn)
 e - a +0 cloak (worn)
Scrolls
 f - a scroll of enchant weapon {unknown}
 h - a scroll of silence {unknown}
 i - a scroll of noise {unknown}
 j - 2 scrolls of fog {unknown}
 l - a scroll of poison {unknown}
Potions
 k - a potion of might

Dungeon Overview and Level Annotations

Branches:
Dungeon (2/15)

Altars:

....$.## ...... . .
!.)..## .. ..#
.....#†..# .... ......
..# #..##...# #.#
#...o.# #.# #S# #.#
####@#### #.# #.......#
#.# #.......###.#
#.......#...#
#.........###
#...^...### .........#
########### ..........#
#.†........
##>.......###.#########


You could see an orc wizard and an adder.


Message History

* * * LOW HITPOINT WARNING * * *
You are poisoned.
The adder poisons you! The adder misses you. 😨 HP[-1]
You take 1 damage, and now have 14/32 hp.
Fire: a) +2 sling
Press: ? - help, Q - select action, (/) - cycle Shift-Dir - straight line, f/p - adder
Aim: an adder (44% to hit)
You shoot a sling bullet.
The sling bullet closely misses the adder.
The sling bullet closely misses the orc.
You feel sick. The adder closely misses you. 😨 HP[-1]
You take 1 damage, and now have 13/32 hp.
Fire: a) +2 sling
Press: ? - help, Q - select action, (/) - cycle Shift-Dir - straight line, f/p - adder
Aim: an adder (44% to hit)
You shoot a sling bullet.
The sling bullet barely misses the adder.
The sling bullet barely misses the orc.
You feel sick. The adder completely misses you.
The adder barely misses you. 😨 HP[-1]
You take 1 damage, and now have 12/32 hp.
Fire: a) +2 sling
Press: ? - help, Q - select action, (/) - cycle Shift-Dir - straight line, f/p - adder
Aim: an adder (44% to hit)
You shoot a sling bullet. The sling bullet misses the adder.
The sling bullet hits the orc.
The orc is heavily wounded.
You feel sick.
You are no longer poisoned.
The adder closely misses you. 😨 HP[-1]
You take 1 damage, and now have 11/32 hp.
Fire: a) +2 sling
Press: ? - help, Q - select action, (/) - cycle Shift-Dir - straight line, f/p - adder
Aim: an adder (44% to hit)
You shoot a sling bullet. The sling bullet hits the adder.
The adder is lightly wounded.
The adder closely misses you. The adder bites you but does no damage.
Fire: a) +2 sling
Press: ? - help, Q - select action, (/) - cycle Shift-Dir - straight line, f/p - adder
Aim: an adder (lightly wounded, 44% to hit)
You shoot a sling bullet.
The sling bullet closely misses the adder.
The sling bullet hits the orc.
You kill the orc!
The adder barely misses you. 😨 HP[+1] Fire: a) +2 sling
Press: ? - help, Q - select action, (/) - cycle Shift-Dir - straight line, f/p - adder
Aim: an adder (lightly wounded, 44% to hit)
You shoot a sling bullet.
The sling bullet hits the adder but does no damage.
The adder is lightly wounded.
You hear a shout!
The adder barely misses you.
Fire: a) +2 sling
Press: ? - help, Q - select action, (/) - cycle Shift-Dir - straight line, f/p - adder
Aim: an adder (lightly wounded, 44% to hit)
You shoot a sling bullet.
The sling bullet closely misses the adder.
The adder bites you.
* * * LOW HITPOINT WARNING * * *
The adder bites you.
* * * LOW HITPOINT WARNING * * *
😱 HP[-6]
You take 6 damage, and now have 6/32 hp.
Fire: a) +2 sling
Press: ? - help, Q - select action, (/) - cycle Shift-Dir - straight line, f/p - adder
Aim: an adder (lightly wounded, 44% to hit)
You shoot a sling bullet.
The sling bullet completely misses the adder.
An orc wizard comes into view. It is wielding a +0 dagger.
The adder closely misses you. 😱 HP[+1] Cast which spell? (? or * to list)
The adder is struck by an arc of lightning.
The adder is heavily wounded.
The orc wizard is struck by an arc of lightning.
The orc wizard is moderately wounded.
The adder is struck by an arc of lightning.
The adder is almost dead.
The lightning grounds out.
The adder bites you.
* * * LOW HITPOINT WARNING * * *
You are lethally poisoned!
The adder poisons you! 😱 HP[-3] MP[-2]
You take 3 damage, and now have 4/32 hp.
You lost 2 mp, and now have 9/11 mp.
It was a potion of might.
You feel very mighty all of a sudden.
* * * LOW HITPOINT WARNING * * *
You feel sick. The adder barely misses you. The adder misses you. 😱 HP[-1]
You take 1 damage, and now have 3/32 hp.
It was a potion of magic.
Magic courses through your body.
* * * LOW HITPOINT WARNING * * *
You feel sick. The adder bites you.
You die...

Skill      XL: |  1  2  3 |
---------------+----------+-----
Ranged Weapons | 5 6 |  6.6
Air Magic      | 4 |  4.8
Dodging        | |  2.1
Spellcasting   | |  3.0
Conjurations   | |  0.5

Action                     |  1- 3 |  4- 6 || total
---------------------------+-------+-------++-------
  Melee: Dagger            |    22 |    10 ||    32
         Kick              |     2 |     2 ||     4
         Peck              |       |     2 ||     2
   Fire: Sling             |   106 |    23 ||   129
   Cast: Static Discharge  |       |     1 ||     1
    Use: Potion            |     1 |     2 ||     3
 Armour: Robe              |    34 |    12 ||    46
         Skin              |    31 |     5 ||    36
  Dodge: Dodged            |    30 |    16 ||    46

Levels and vault maps discovered:
D:1:      scummos_arrival_simple_crosswalls, layout_basic
D:2:      layout_basic, shapermc_ecumenical_altar_hornbeckon,
          minmay_misc_feat_rows, minmay_puff
D:3:      layout_basic, gammafunk_ghost_cemetery, nicolae_half_adder,
          uniq_sigmund, uniq_jessica

Notes
Turn   | Place    | Note
-------+----------+-------------------------------------------
     0 | D:1      | PigKeeper the Tengu Wanderer began the quest for the Orb.
     0 | D:1      | PigKeeper set off with the following items: a +2 sling, a
                  | +0 cloak, a potion of lignification {!q}, a +0 robe; and
                  | the following spells available to memorise: Static
                  | Discharge, Cigotuvi's Dreadful Rot.
     0 | D:1      | Reached XP level 1. HP: 10/10 MP: 5/5
   117 | D:1      | Reached XP level 2. HP: 15/15 MP: 7/7
   167 | D:1      | Reached skill level 5 in Ranged Weapons
   298 | D:1      | You pick up a book of Storms and begin reading...
   298 | D:1      | You add the spells Airstrike and Summon Lightning Spire to
                  | your library.
   370 | D:1      | Reached XP level 3. HP: 17/19 MP: 8/8
   459 | D:1      | Reached skill level 2 in Air Magic
   831 | D:2      | You fall into a shaft and drop 1 floor!
   890 | D:3      | Noticed Sigmund
   908 | D:3      | Killed Sigmund
   909 | D:3      | Reached skill level 6 in Ranged Weapons
   909 | D:3      | Reached skill level 4 in Air Magic
   909 | D:3      | Reached XP level 4. HP: 21/24 MP: 9/9
   909 | D:3      | Reached XP level 5. HP: 25/28 MP: 10/10
  1015 | D:3      | Learned a level 2 spell: Static Discharge
  1020 | D:3      | Learned a level 4 spell: Airstrike
  1025 | D:3      | Learned a level 4 spell: Summon Lightning Spire
  1048 | D:3      | Reached XP level 6. HP: 32/32 MP: 11/11
  1067 | D:3      | HP: 6/32 [adder (4)]
  1071 | D:3      | HP: 2/32 [poisoned by an adder]
  1071 | D:3      | Slain by an adder

Vanquished Creatures
  Sigmund (D:3)
  2 adders (D:3)
  A dart slug (D:3)
  A ribbon worm (D:2)
  3 orcs (D:3)
  5 endoplasms
  2 giant cockroaches (D:1)
  4 goblins
  8 hobgoblins
  3 jackals (D:1)
  4 quokkas
  3 ball pythons
  2 bats
  A frilled lizard (D:1)
  3 kobolds (D:1)
  4 rats (D:1)
47 creatures vanquished.

Table legend:
 A = Non-vault XP
 B = Vault XP
 C = Vault XP percentage of total XP
 D = Non-vault monster count
 E = Vault monster count
 F = Vault count percentage of total count
                 A         B        C        D         E       F
            +---------+---------+-------+---------+---------+-------
      Total |      97 |     244 |  71.6 |      45 |       2 |   4.3
            +---------+---------+-------+---------+---------+-------
        D:1 |      51 |       0 |   0.0 |      30 |       0 |   0.0
        D:2 |      10 |       0 |   0.0 |       4 |       0 |   0.0
        D:3 |      36 |     244 |  87.1 |      11 |       2 |  15.4
            +---------+---------+-------+---------+---------+-------

Skill      XL: |  1  2  3 |
---------------+----------+-----
Ranged Weapons | 5 6 |  6.6
Air Magic      | 4 |  4.8
Dodging        | |  2.1
Spellcasting   | |  3.0
Conjurations   | |  0.5

Action                     |  1- 3 |  4- 6 || total
---------------------------+-------+-------++-------
  Melee: Dagger            |    22 |    10 ||    32
         Kick              |     2 |     2 ||     4
         Peck              |       |     2 ||     2
   Fire: Sling             |   106 |    23 ||   129
   Cast: Static Discharge  |       |     1 ||     1
    Use: Potion            |     1 |     2 ||     3
 Armour: Robe              |    34 |    12 ||    46
         Skin              |    31 |     5 ||    36
  Dodge: Dodged            |    30 |    16 ||    46

Illustrated notes

Table legend:
 A = Kills in this place as a percentage of kills in the entire game.
 B = Kills by you in this place as a percentage of kills by you in the entire game.
 C = Kills by friends in this place as a percentage of kills by friends in the entire game.
 D = Other kills in this place as a percentage of other kills in the entire game.
 E = Experience gained in this place as a percentage of experience gained in the entire game.
 F = Experience gained in this place divided by the number of levels of this place that you have seen.
                   A       B       C       D       E      F
               +-------+-------+-------+-------+-------+----------------------
         Total | 100.0 | 100.0 |   N/A |   N/A | 100.0 | 113.7
       Dungeon | 100.0 | 100.0 |   N/A |   N/A | 100.0 | 113.7
               +-------+-------+-------+-------+-------+----------------------

Table legend: (Time is in decaauts)
 A = Elapsed time spent in this place.
 B = Non-inter-level travel time spent in this place.
 C = Inter-level travel time spent in this place.
 D = Time resting spent in this place.
 E = Time spent auto-exploring this place.
 F = Levels seen in this place.
 G = Mean time per level.
                   A        B        C        D        E       F      G
               +--------+--------+--------+--------+--------+-----+--------+
         Total |   1082 |   1039 |     43 |     23 |    712 |   3 |  360.7 |
       Dungeon |   1082 |   1039 |     43 |     23 |    712 |   3 |  360.7 |
               +--------+--------+--------+--------+--------+-----+--------+

Top non-repeatable levels by time:
     D:1: 726 daAuts
     D:3: 240 daAuts
     D:2: 115 daAuts
